 Dungeon Crawl Stone Soup version 0.31-a0-175-g9f7f995f2b (webtiles) character file.

Game seed: 8720468539693540873

361 qw the Chopper (level 6, -5/39 HPs)
             Began as a Gargoyle Fighter on June 17, 2023.
             Killed by divine providence
             ... invoked by an orc priest
              (11 damage)
             ... on level 4 of the Dungeon.
             The game lasted 00:01:16 (2583 turns).

qw the Chopper (Gargoyle Fighter)                   Turns: 2583, Time: 00:01:16

Health: -5/39      AC: 14    Str: 22    XL:     6   Next: 66%
Magic:  6/6        EV: 10    Int:  8    God:
Gold:   60         SH:  9    Dex:  9    Spells: 5/5 levels left

rFire   . . .        Y - +0 war axe
rCold   . . .        c - +0 buckler
rNeg    + . .        b - +0 scale mail
rPois   inf          n - +2 helmet
rElec   +            (no cloak)
rCorr   .            (no gloves)
SInv    .            (no boots)
Will    .....        a - amulet of reflection Stlth
                     (no ring)
HPRegen 0.26/turn    (no ring)
MPRegen 0.10/turn

%: reflection
@: no status effects
A: sickness immunity, AC +4, negative energy resistance 1, electricity
resistance, torment resistance 1, petrification resistance
a: no special abilities


You were on level 4 of the Dungeon.
You visited 1 branch of the dungeon, and saw 4 of its levels.

You collected 165 gold pieces.
You spent 105 gold pieces at shops.


Innate Abilities, Weirdness & Mutations

You are immune to sickness and miasma.
Your stone body is resilient. (AC +4)
You are immune to poison.
You resist negative energy. (rN+)
You are resistant to electric shocks. (rElec)
You are resistant to unholy torment.
You are immune to petrification.


   Skills:
 - Level 4.6 Fighting
 + Level 5.0 Axes
 - Level 3.2 Armour
 - Level 1.8 Dodging
 - Level 3.2 Shields


You had 5 spell levels left.
You didn't know any spells.
Your spell library was empty.

Inventory:

Hand Weapons
 g - a +0 whip
 Y - a +0 war axe (weapon)
Missiles
 l - a boomerang (quivered)
Armour
 b - a +0 scale mail (worn)
 c - a +0 buckler (worn)
 n - a +2 helmet (worn)
Jewellery
 a - an amulet of reflection (around neck)
 f - a ring of fire
Scrolls
 o - a scroll of identify
Potions
 d - a potion of might
 e - a potion of enlightenment {unknown}
 h - a potion of heal wounds {unknown}
 p - a potion of haste {unknown}

Dungeon Overview and Level Annotations

Branches:
Dungeon (4/15)
 Temple: D:4-7

Altars:
Nemelex Xobeh

Shops:
D:1 ?   D:2 (?**:


Message History

You slash the sleepcap! You miss something.
The orc priest hits you but does no damage.
You hear some strange, mumbled words.
A magic dart appears from out of thin air!
The magic dart hits you but does no damage.
You block the sleepcap's attack.
You hit the orc priest.
The orc priest is severely wounded.
You hit the sleepcap but do no damage. You closely miss something.
The orc priest hits you but does no damage.
You hear some strange, mumbled words.
A magic dart appears from out of thin air!
The magic dart hits you but does no damage.
The sleepcap releases spores at you but does no damage.
You hit the orc priest but do no damage.
The orc priest is severely wounded.
You slash the sleepcap! You miss something. You block the orc priest's attack.
Something hits you but does no damage. The sleepcap barely misses you.
Something hits you but does no damage. The orc priest misses you.
The sleepcap closely misses you.
You hit the orc priest.
The orc priest is almost dead.
You hit the sleepcap. You miss something.
The orc priest mumbles some strange prayers to Beogh against you.
Pain shoots through your body! The sleepcap releases spores at you.
Something completely misses you.
You completely miss the orc priest.
The orc priest is almost dead.
You slash the sleepcap! You miss something. You block the orc priest's attack.
The sleepcap releases spores at you but does no damage.
Something hits you but does no damage.
You closely miss the orc priest.
The orc priest is almost dead.
You barely miss something. You hit the sleepcap but do no damage.
The orc priest barely misses you. Something hits you but does no damage.
The sleepcap releases spores at you.
The orc priest mumbles some strange prayers to Beogh against you.
Beogh smites you!
You die...

# ### #
..#8###8###8#
...........#
+.....{of..#
#@#..##
#.#..8#
#.#..# #.#..#
#....##
###..8#
#<..## #.#.#
#...#


You could see a sleepcap and an orc priest.

Vanquished Creatures
  A black bear (D:3)
  An ogre (D:3)
  Natasha (twice) (D:2)
  Robin (D:2)
  5 adders (D:2)
  3 dart slugs
  3 orcs (D:4)
  2 ball pythons
  4 bats
  7 endoplasms
  3 giant cockroaches
  11 goblins
  11 hobgoblins
  3 jackals (D:2)
  A quokka (D:2)
  4 frilled lizards
  3 kobolds
  5 rats
70 creatures vanquished.

Notes
Turn   | Place    | Note
-------+----------+-------------------------------------------
     0 | D:1      | qw the Gargoyle Fighter began the quest for the Orb.
     0 | D:1      | Reached XP level 1. HP: 14/14 MP: 1/1
     0 | D:1      | 0 ||| qw: Version: 0.3-a-2-g5ab2908
     0 | D:1      | 0 ||| qw: Game counter: 262
     0 | D:1      | 0 ||| qw: Always use a shield: true
     0 | D:1      | 0 ||| qw: God list: Okawaru
     0 | D:1      | 0 ||| qw: Allow faded altars: false
     0 | D:1      | 0 ||| qw: Do Orc after D:15 true
     0 | D:1      | 0 ||| qw: Do second Lair branch before Depths: true
     0 | D:1      | 0 ||| qw: Lair rune preference: random
     0 | D:1      | 0 ||| qw: Plans: Normal, Zot:1-4, Slime:5, God:TSO, Crypt,
                  | Tomb, Abyss, Pan, Hells, Win
     0 | D:1      | 0 ||| PLANNING D:1-11
    22 | D:1      | Reached skill level 2 in Axes
    30 | D:1      | Found The Oracle's Delphic Readings.
    42 | D:1      | 42 ||| SHOPLISTING scroll of enchant armour (82 gold, have
                  | 0).
    42 | D:1      | 42 ||| SHOPLISTING scroll of identify (22 gold, have 0).
   107 | D:1      | 107 ||| Stepping ~*~*~tactically~*~*~ (hiding).
   119 | D:1      | Reached XP level 2. HP: 17/19 MP: 2/2
   120 | D:1      | 120 ||| FLEEEEING.
   132 | D:1      | 132 ||| DROPPING +0 club.
   136 | D:1      | 136 ||| Stepping ~*~*~tactically~*~*~ (stealth).
   499 | D:1      | Reached skill level 3 in Axes
   674 | D:1      | 674 ||| READING scroll labelled PELEMU IGAST.
   718 | D:2      | Reached XP level 3. HP: 23/23 MP: 3/3
   816 | D:2      | Found Woshee's Book Emporium.
   867 | D:2      | 867 ||| Stepping ~*~*~tactically~*~*~ (stealth).
   995 | D:2      | Found Vyhith's Weapon Emporium.
  1008 | D:2      | 1008 ||| SHOPLISTING +1 hand axe of flaming (148 gold, have
                  | 103).
  1008 | D:2      | 1008 ||| SHOPLISTING +9 flail of the Riding Firefly {venom,
                  | rN++ Will+} (867 gold, have 103).
  1033 | D:2      | Reached XP level 4. HP: 26/28 MP: 4/4
  1047 | D:2      | Found Irisexie's Magic Scroll Shop.
  1080 | D:2      | Reached skill level 4 in Axes
  1085 | D:2      | 1085 ||| SHOPLISTING 2 scrolls of brand weapon (266 gold,
                  | have 114).
  1085 | D:2      | 1085 ||| BUYING scroll of enchant armour (105 gold).
  1085 | D:2      | Bought a scroll of enchant armour for 105 gold pieces
  1085 | D:2      | 1085 ||| SHOPLISTING scroll of identify (28 gold, have 9).
  1085 | D:2      | 1085 ||| SHOPLISTING scroll of teleportation (42 gold, have
                  | 9).
  1088 | D:2      | Found Biob's Assorted Antiques.
  1100 | D:2      | Noticed Robin
  1115 | D:2      | Killed Robin
  1171 | D:2      | 1171 ||| SHOPLISTING blue potion (27 gold, have 9).
  1171 | D:2      | 1171 ||| SHOPLISTING copper wand (120 gold, have 9).
  1171 | D:2      | 1171 ||| SHOPLISTING runed leather armour (150 gold, have
                  | 9).
  1171 | D:2      | 1171 ||| SHOPLISTING scroll labelled HEGROP YRROUS (30
                  | gold, have 9).
  1171 | D:2      | 1171 ||| SHOPLISTING scroll labelled NITSAUHUHA (30 gold,
                  | have 9).
  1171 | D:2      | 1171 ||| SHOPLISTING shiny scale mail (210 gold, have 9).
  1180 | D:2      | Found Immumm's General Store.
  1188 | D:2      | 1188 ||| SHOPLISTING scroll of teleportation (30 gold, have
                  | 9).
  1251 | D:2      | Found a sparkling altar of Nemelex Xobeh.
  1305 | D:2      | Noticed Natasha
  1314 | D:2      | Killed Natasha
  1315 | D:2      | Reached XP level 5. HP: 13/32 MP: 5/5
  1457 | D:2      | Noticed Natasha
  1471 | D:2      | Killed Natasha
  1565 | D:2      | Reached skill level 5 in Axes
  1580 | D:2      | 1580 ||| UPGRADING to +0 helmet.
  1585 | D:2      | 1585 ||| READING 2 scrolls of enchant armour.
  1585 | D:2      | 1585 ||| ENCHANTING +0 helmet.
  1586 | D:2      | 1586 ||| READING scroll of enchant armour.
  1586 | D:2      | 1586 ||| ENCHANTING +1 helmet.
  1587 | D:2      | 1587 ||| UPGRADING to amulet of reflection.
  1592 | D:2      | 1592 ||| READING scroll labelled CURYEH HIUMIWK.
  1593 | D:2      | 1593 ||| READING scroll labelled KAF OHOS LUA.
  1594 | D:2      | 1594 ||| READING scroll labelled LOASUL DUATE.
  1598 | D:2      | 1598 ||| DRINKING 2 fuming silvery potions.
  1599 | D:2      | 1599 ||| DROPPING potion of brilliance.
  1778 | D:3      | Noticed an ogre
  1789 | D:3      | Killed an ogre
  1790 | D:3      | Reached XP level 6. HP: 17/39 MP: 6/6
  2369 | D:3      | Noticed a black bear
  2382 | D:3      | Killed a black bear
  2383 | D:3      | Reached skill level 1 in Dodging
  2504 | D:3      | 2504 ||| DROPPING amulet of magic regeneration.
  2505 | D:3      | 2505 ||| READING scroll labelled POZXAPS TIME.
  2506 | D:3      | 2506 ||| READING scroll labelled QIUXEZALIL.
  2507 | D:3      | 2507 ||| READING scroll labelled SEGISE SIYSHRAU.
  2564 | D:4      | 2564 ||| Stepping ~*~*~tactically~*~*~ (hiding).
  2583 | D:4      | HP: 6/39 [sleepcap (6)]
  2583 | D:4      | Killed from afar by an orc priest

Levels and vault maps discovered:
D:1:      scummos_arrival_simple_crosswalls, layout_loops_cross,
          nicolae_nh_oracle_at_delphi
D:2:      layout_basic, serial_shops, nicolae_shop_gibbet_a_chance,
          nicolae_shop_statue_plus, shop, nicolae_shop_pleasant_corner_grove,
          nicolae_shop_just_a_little_nook, basic_altar, minmay_circled_x,
          uniq_natasha, uniq_robin
D:3:      layout_basic, serial_corexii_hall, corexii_hall_statues_t,
          corexii_hall_statues_x, corexii_hall_statues_i,
          corexii_hall_statues_i, chequers_hall_statues_y,
          corexii_hall_statues_t, hangedman_decor_peaks_small,
          minmay_crystal_water
D:4:      layout_basic, minmay_temple_entry_drinking_statues,
          serial_corexii_hall, corexii_hall_statues_x,
          chequers_hall_statues_corner_a, corexii_hall_statues_x,
          corexii_hall_statues_s, minmay_ogre_servants

Skill      XL: |  1  2  3  4  5  6 |
---------------+-------------------+-----
Axes           | 2 3 4 5 |  5.0
Fighting       | 4 |  4.6
Dodging        | 1 |  1.8
Armour         | |  3.2
Shields        | |  3.2

Action                     |  1- 3 |  4- 6 || total
---------------------------+-------+-------++-------
  Melee: War axe           |    78 |   105 ||   183
  Throw: Boomerang         |       |    39 ||    39
    Use: Scroll            |     1 |     8 ||     9
         Potion            |       |     1 ||     1
 Armour: Scale mail        |    38 |    91 ||   129
  Dodge: Dodged            |    25 |    61 ||    86
  Block: Buckler           |    16 |    30 ||    46
         Reflection        |       |     1 ||     1

Table legend:
 A = Non-vault XP
 B = Vault XP
 C = Vault XP percentage of total XP
 D = Non-vault monster count
 E = Vault monster count
 F = Vault count percentage of total count
                 A         B        C        D         E       F
            +---------+---------+-------+---------+---------+-------
      Total |     435 |      81 |  15.7 |      50 |      20 |  28.6
            +---------+---------+-------+---------+---------+-------
        D:1 |      31 |       2 |   6.1 |      15 |       2 |  11.8
        D:2 |     122 |      79 |  39.3 |      20 |      18 |  47.4
        D:3 |     273 |       0 |   0.0 |      12 |       0 |   0.0
        D:4 |       9 |       0 |   0.0 |       3 |       0 |   0.0
            +---------+---------+-------+---------+---------+-------
